 Dungeon Sprint DCSS version 0.29.1-4-g47bece8355 (webtiles) character file.

Game seed: 2769162497260667482

0 boopmooplesden the Chopper (level 1, -4/30 HPs)
             Began as a Minotaur Berserker on Dec 7, 2022.
             Was a Follower of Trog.
             Slain by a kobold brigand
             ... wielding a +0 dagger
              (7 damage)
             ... in the Dungeon (Sprint VI: "Thunderdome").
             The game lasted 00:00:20 (29 turns).

boopmooplesden the Chopper (Minotaur Berserker)       Turns: 29, Time: 00:00:20

Health: -4/30      AC:  2    Str: 21    XL:     1   Next: 8%
Magic:  0/0        EV: 12    Int:  4    God:    Trog [*.....]
Gold:   65         SH:  5    Dex:  9    Spells: 0/0 levels left

rFire   + . .      SeeInvis .   a - +0 hand axe
rCold   . . .      Faith    .   (no shield)
rNeg    . . .      Spirit   .   b - +0 animal skin
rPois   .          Reflect  +   (helmet restricted)
rElec   .          Harm     .   (no cloak)
rCorr   .          Rampage  .   (no gloves)
Will    .....      NoTele   +   (no boots)
Stlth   ..........              m - amulet "Jaugaf" {Reflect rF+ Slay+2 SH+5 Stlth+}
HPRegen 0.10/turn               (no ring)
MPRegen 0.07/turn               (no ring)

@: berserking, very quick
A: horns 2, retaliatory headbutt
a: Renounce Religion, Berserk


You were in the Dungeon.
You worshipped Trog.
Trog was aware of your devotion.
You visited 1 branch You collected 200 gold pieces.
You spent 135 gold pieces at shops.

Inventory:

Hand Weapons
 a - a +0 hand axe (weapon)
Armour
 b - a +0 animal skin (worn)
Jewellery
 m - the amulet "Jaugaf" (around neck) {Reflect rF+ Slay+2 SH+5 Stlth+}
   (You bought it in a shop in the Dungeon)

   [amulet of reflection]

   It reflects blocked missile attacks.
   Slay:      It affects your accuracy & damage with ranged weapons and melee
   (+2).
   rF:        It protects you from fire.
   SH:        It affects your SH (+5).
   Stlth:     It makes you more stealthy.
 n - the ring of Cytofun {MP+9 Str+6}
   (You bought it in a shop in the Dungeon)

   [ring of magical power]

   Str:       It affects your strength (+6).
   MP:        It affects your magic capacity (+9).
 o - the ring of the Singing Fool {rElec Will+ Str-2 Int+6}
   (You bought it in a shop in the Dungeon)

   [ring of intelligence]

   Str:       It affects your strength (-2).
   Int:       It affects your intelligence (+6).
   rElec:     It insulates you from electricity.
   Will:      It increases your willpower.
Wands
 j - a wand of acid (5)
 k - a wand of iceblast (5)
Scrolls
 h - 4 scrolls of blinking
 l - 3 scrolls of butterflies
Potions
 c - a potion of curing
 d - 4 potions of heal wounds
 e - 4 potions of haste
 f - 2 potions of magic
 g - a potion of berserk rage
 i - 2 potions of resistance


   Skills:
 + Level 3.8 Fighting
 + Level 3.8 Axes
 + Level 2.5 Armour
 + Level 2.2 Dodging


You couldn't memorise any spells.
You didn't know any spells.
Your spell library was empty.

Dungeon Overview and Level Annotations

Branches:
Dungeon (1/1)

Altars:
Dithmenos
Gozag
Makhleb
Ru
Vehumet
Zin

Shops:
D *[?


Innate Abilities, Weirdness & Mutations

You have a pair of horns on your head.
You reflexively headbutt those who attack you in melee.


Message History

Okay, then.
You start putting on your amulet.
You continue putting on the amulet "Jaugaf" {Reflect rF+ Slay+2 SH+5 Stlth+}. x2
The kobold brigand throws a poisoned dart.
Keep equipping yourself? [Y]es or [N]o only, please.
Keep equipping yourself?
The poisoned dart hits you!
You are poisoned.
You continue putting on the amulet "Jaugaf" {Reflect rF+ Slay+2 SH+5 Stlth+}.
You feel sick.
You continue putting on the amulet "Jaugaf" {Reflect rF+ Slay+2 SH+5 Stlth+}.
You feel sick.
You continue putting on the amulet "Jaugaf" {Reflect rF+ Slay+2 SH+5 Stlth+}.
You feel sick.
You finish putting on the amulet "Jaugaf" {Reflect rF+ Slay+2 SH+5 Stlth+}.
You feel a shielding aura gather around you.
m - the amulet "Jaugaf" (around neck) {Reflect rF+ Slay+2 SH+5 Stlth+} You feel sick.
You hit the kobold brigand.
The kobold brigand is lightly wounded.
You feel sick. You block the kobold brigand's attack.
A red film seems to cover your vision as you go berserk!
You feel yourself moving faster!
You feel mighty!
You feel sick.
The kobold brigand hits you with a +0 dagger!
You closely miss the kobold brigand.
The kobold brigand is lightly wounded.
You feel sick.
You are no longer poisoned.
You closely miss the kobold brigand.
The kobold brigand is lightly wounded.
The kobold brigand closely misses you.
You barely miss the kobold brigand.
The kobold brigand is lightly wounded.
The kobold brigand hits you with a +0 dagger!
* * * LOW HITPOINT WARNING * * *
You slash the kobold brigand!
The kobold brigand is moderately wounded.
The kobold brigand hits you with a +0 dagger!
You die...

#........ #_.......
###.........#
#§K....... ..
######.8...... ..8
##.___......# ...
###∩@K......8.# .8..
#.....).......###....
#⌠..........###...#
#⌠..........# #.<.#
#⌠..........# #...#
##.............###...
###∩........8. .8..
##∩__.......# ...
######.8.... ..8


You could see a kobold brigand.

Vanquished Creatures
  A goblin (D)
1 creature vanquished.

Notes
Turn   | Place    | Note
-------+----------+-------------------------------------------
     0 | D        | boopmooplesden the Minotaur Berserker began the quest for
                  | the Orb.
     0 | D        | Reached XP level 1. HP: 19/19 MP: 0/0
     3 | D        | Found a radiant altar of Vehumet.
     3 | D        | Found a burning altar of Makhleb.
     4 | D        | Found an opulent altar of Gozag.
     5 | D        | Found a sacrificial altar of Ru.
     5 | D        | Found a shadowy altar of Dithmenos.
     5 | D        | Round 1.
     6 | D        | Found a glowing silver altar of Zin.
     6 | D        | Found Saohala's Identification Station.
     7 | D        | Found Bekhlisal's Jewellery.
     7 | D        | Found Nuxe's Advanced Armour.
    14 | D        | Noticed a kobold brigand
    18 | D        | Bought a clouded amethyst amulet for 45 gold pieces
    18 | D        | Identified the amulet "Jaugaf" {Reflect rF+ Slay+2 SH+5
                  | Stlth+} (You bought it in a shop in the Dungeon)
    18 | D        | Bought a warped lapis lazuli ring for 45 gold pieces
    18 | D        | Identified the ring of Cytofun {MP+9 Str+6} (You bought it
                  | in a shop in the Dungeon)
    18 | D        | Bought a warped iron ring for 45 gold pieces
    18 | D        | Identified the ring of the Singing Fool {rElec Will+ Str-2
                  | Int+6} (You bought it in a shop in the Dungeon)
    29 | D        | Slain by a kobold brigand

Illustrated notes

Levels and vault maps discovered:
D:        arena_sprint

Action                   || total
-------------------------++-------
Melee: Hand axe          ||     6
Invok: Berserk           ||     1
Armor: Animal skin       ||     1
Dodge: Dodged            ||     3
Block: Other             ||     1
